TOP OF THE 1ST |
Colorado Commanders batting - Pitching for Chula Vista Tacos : RHP Luis Trevino
|
Pitching: RHP Luis Trevino
|
|
Batting: SHB George Adams
|
0-0: Ball 1-0: Ball 2-0: Called Strike 2-1: Called Strike 2-2: Foul Ball, location: 2F 2-2: Strikes out looking
|
Batting: RHB John Riley
|
0-0: Swinging Strike 0-1: SINGLE (Line Drive, 6MD)
|
Batting: LHB Rafael Delgado
|
0-0: Foul Ball, location: 2F 0-1: Called Strike 0-2: Ball 1-2: Ball 2-2: Strikes out swinging
|
Batting: RHB Emílio Bruno
|
0-0: Called Strike 0-1: Ball 1-1: Foul Ball, location: 2F 1-2: Ball 2-2: Fly out, F3 (Popup, 3)
|
Top of the 1st over - 0 run(s), 1 hit(s), 0 error(s), 1 left on base; Colorado 0 - Chula Vista 0 |
BOTTOM OF THE 1ST |
Chula Vista Tacos batting - Pitching for Colorado Commanders : RHP Gerard Allen
|
Pitching: RHP Gerard Allen
|
|
Batting: RHB Kevin Brown
|
0-0: Called Strike 0-1: Ball 1-1: Ball 2-1: Called Strike 2-2: Strikes out swinging
|
Batting: SHB Adrián Nieto
|
0-0: Swinging Strike 0-1: Foul Ball, location: 2F 0-2: Foul Ball, location: 2F 0-2: Ball 1-2: Ball 2-2: Strikes out swinging
|
Batting: LHB Mario Olivares
|
0-0: Fly out, F7 (Flyball, 78S)
|
Bottom of the 1st over - 0 run(s), 0 hit(s), 0 error(s), 0 left on base; Colorado 0 - Chula Vista 0 |
TOP OF THE 2ND |
Colorado Commanders batting - Pitching for Chula Vista Tacos : RHP Luis Trevino
|
Batting: RHB Joe Haley
|
0-0: Ball 1-0: SINGLE (Line Drive, 9LM)
|
Batting: RHB Richard Wilkins
|
0-0: Fly out, F3 (Popup, 3L)
|
Batting: LHB John Nicholson
|
0-0: Called Strike 0-1: Ball 1-1: Ball 2-1: Called Strike 2-2: Strikes out swinging
|
Batting: SHB Scott Compton
|
0-0: Fly out, F8 (Flyball, 8RM)
|
Top of the 2nd over - 0 run(s), 1 hit(s), 0 error(s), 1 left on base; Colorado 0 - Chula Vista 0 |
BOTTOM OF THE 2ND |
Chula Vista Tacos batting - Pitching for Colorado Commanders : RHP Gerard Allen
|
Batting: LHB Noriaki Sangi
|
0-0: Ball 1-0: Called Strike 1-1: Ground out 4-3 (Groundball, 4)
|
Batting: RHB Doug Brown
|
0-0: Called Strike 0-1: Ball 1-1: Called Strike 1-2: Ball 2-2: Foul Ball, location: 2F 2-2: Foul Ball, location: 2F 2-2: Fly out, F7 (Flyball, 78M)
|
Batting: SHB Brian Price
|
0-0: Ball 1-0: Called Strike 1-1: Foul Ball, location: 2F 1-2: Ball 2-2: Ball 3-2: Base on Balls
|
Batting: LHB Jaime Icaza
|
0-0: Foul Ball, location: 2F 0-1: Swinging Strike 0-2: Foul Ball, location: 2F 0-2: Strikes out looking
|
Bottom of the 2nd over - 0 run(s), 0 hit(s), 0 error(s), 1 left on base; Colorado 0 - Chula Vista 0 |
TOP OF THE 3RD |
Colorado Commanders batting - Pitching for Chula Vista Tacos : RHP Luis Trevino
|
Batting: RHB Xavier De La Cruz
|
0-0: Ball 1-0: Ball 2-0: Called Strike 2-1: Called Strike 2-2: Foul Ball, location: 2F 2-2: Strikes out swinging
|
Batting: SHB George Adams
|
0-0: Swinging Strike 0-1: Called Strike 0-2: Strikes out swinging
|
Batting: RHB John Riley
|
0-0: Ball 1-0: Called Strike 1-1: Ball 2-1: Foul Ball, location: 2F 2-2: Ball 3-2: Ground out 5-3 (Groundball, 56)
|
Top of the 3rd over - 0 run(s), 0 hit(s), 0 error(s), 0 left on base; Colorado 0 - Chula Vista 0 |
BOTTOM OF THE 3RD |
Chula Vista Tacos batting - Pitching for Colorado Commanders : RHP Gerard Allen
|
Batting: RHB Luis Martínez
|
0-0: Foul Ball, location: 2F 0-1: Swinging Strike 0-2: Strikes out swinging
|
Batting: RHB Manuel Guerrero
|
0-0: Ball 1-0: Ball 2-0: Ball 3-0: Base on Balls
|
Batting: RHB Kevin Brown
|
0-0: Ball 1-0: Ball 2-0: Called Strike 2-1: Fly out, F9 (Flyball, 9M)
|
Batting: SHB Adrián Nieto
|
0-0: SINGLE (Line Drive, 8RS) Manuel Guerrero to second
|
Batting: LHB Mario Olivares
|
0-0: Ball 1-0: Foul Ball, location: 2F 1-1: SINGLE (Groundball, 5S) (infield hit) Manuel Guerrero to third Adrián Nieto to second
|
Batting: LHB Noriaki Sangi
|
0-0: Ball 1-0: GRAND SLAM HOME RUN (Flyball, 9D), Distance : 393 ft
|
Batting: RHB Doug Brown
|
0-0: Ball 1-0: Ball 2-0: Ball 3-0: Called Strike 3-1: Foul Ball, location: 2F 3-2: Foul Ball, location: 2F 3-2: Foul Ball, location: 2F 3-2: Ground out 5-3 (Groundball, 5)
|
Bottom of the 3rd over - 4 run(s), 3 hit(s), 0 error(s), 0 left on base; Colorado 0 - Chula Vista 4 |
TOP OF THE 4TH |
Colorado Commanders batting - Pitching for Chula Vista Tacos : RHP Luis Trevino
|
Batting: LHB Rafael Delgado
|
Single, Error in OF, E7, batter to second base
|
Batting: RHB Emílio Bruno
|
0-0: SINGLE (Line Drive, 3D) Rafael Delgado to third
|
Batting: RHB Joe Haley
|
0-0: Ball 1-0: Ball 2-0: Called Strike 2-1: Called Strike Emílio Bruno is caught stealing 2nd base 2-2: Foul Ball, location: 2F 2-2: Foul Ball, location: 2F 2-2: Ball 3-2: Strikes out swinging
|
Batting: RHB Richard Wilkins
|
0-0: Ball 1-0: Ball 2-0: Ground out 6-3 (Groundball, 6)
|
Top of the 4th over - 0 run(s), 2 hit(s), 1 error(s), 1 left on base; Colorado 0 - Chula Vista 4 |
BOTTOM OF THE 4TH |
Chula Vista Tacos batting - Pitching for Colorado Commanders : RHP Gerard Allen
|
Batting: SHB Brian Price
|
0-0: Fly out, F8 (Line Drive, 8LM)
|
Batting: LHB Jaime Icaza
|
0-0: Called Strike 0-1: Ball 1-1: Foul Ball, location: 2F 1-2: Ball 2-2: Foul Ball, location: 2F 2-2: SINGLE (Line Drive, 3L)
|
Batting: RHB Luis Martínez
|
0-0: Called Strike 0-1: Hit by Pitch Jaime Icaza to second
|
Batting: RHB Manuel Guerrero
|
0-0: Ball 1-0: SINGLE (Groundball, 5D) Jaime Icaza to third Luis Martínez to second Runner from 3rd tries for Home, SAFE, no throw or cutoff
|
Batting: RHB Kevin Brown
|
0-0: Ball 1-0: Swinging Strike 1-1: Foul Ball, location: 2F 1-2: Strikes out swinging
|
Batting: SHB Adrián Nieto
|
0-0: Called Strike 0-1: Swinging Strike 0-2: Ball 1-2: Ball 2-2: Foul Ball, location: 2F 2-2: Foul Ball, location: 2F 2-2: Foul Ball, location: 2F 2-2: Ball 3-2: Base on Balls Luis Martínez to third Manuel Guerrero to second
|
Batting: LHB Mario Olivares
|
0-0: Ball 1-0: Fly out, F4 (Line Drive, 4)
|
Bottom of the 4th over - 1 run(s), 2 hit(s), 0 error(s), 3 left on base; Colorado 0 - Chula Vista 5 |
TOP OF THE 5TH |
Colorado Commanders batting - Pitching for Chula Vista Tacos : RHP Luis Trevino
|
Batting: LHB John Nicholson
|
0-0: Foul Ball, location: 2F 0-1: Called Strike 0-2: Hit by Pitch
|
Batting: SHB Scott Compton
|
0-0: Called Strike 0-1: Called Strike 0-2: Ball 1-2: Grounds into double play, 4-6-3 (Groundball, 34)
|
Batting: RHB Xavier De La Cruz
|
0-0: Called Strike 0-1: Ball 1-1: Ball 2-1: Foul Ball, location: 2F 2-2: Ball 3-2: Strikes out looking
|
Top of the 5th over - 0 run(s), 0 hit(s), 0 error(s), 0 left on base; Colorado 0 - Chula Vista 5 |
BOTTOM OF THE 5TH |
Chula Vista Tacos batting - Pitching for Colorado Commanders : RHP Gerard Allen
|
Batting: LHB Noriaki Sangi
|
0-0: Called Strike 0-1: Ball 1-1: Ball 2-1: Swinging Strike 2-2: Foul Ball, location: 2F 2-2: Ball 3-2: SINGLE (Line Drive, 8RS)
|
Pitching: RHP Tony Henderson
|
|
Batting: RHB Doug Brown
|
0-0: Called Strike 0-1: Ball 1-1: Called Strike 1-2: Ball 2-2: Foul Ball, location: 2F 2-2: Strikes out looking
|
Batting: SHB Brian Price
|
0-0: Foul Ball, location: 2F 0-1: Hit by Pitch Noriaki Sangi to second
|
Batting: LHB Jaime Icaza
|
0-0: Called Strike 0-1: Swinging Strike 0-2: Strikes out swinging
|
Batting: RHB Luis Martínez
|
0-0: Ball 1-0: Swinging Strike 1-1: Swinging Strike 1-2: Strikes out swinging
|
Bottom of the 5th over - 0 run(s), 1 hit(s), 0 error(s), 2 left on base; Colorado 0 - Chula Vista 5 |
TOP OF THE 6TH |
Colorado Commanders batting - Pitching for Chula Vista Tacos : RHP Luis Trevino
|
Batting: SHB George Adams
|
0-0: Ball 1-0: Ground out 4-3 (Groundball, 4M)
|
Batting: RHB John Riley
|
0-0: Called Strike 0-1: Ground out 6-3 (Groundball, 6)
|
Batting: LHB Rafael Delgado
|
0-0: Called Strike 0-1: Ball 1-1: Foul Ball, location: 2F 1-2: Strikes out swinging
|
Top of the 6th over - 0 run(s), 0 hit(s), 0 error(s), 0 left on base; Colorado 0 - Chula Vista 5 |
BOTTOM OF THE 6TH |
Chula Vista Tacos batting - Pitching for Colorado Commanders : RHP Tony Henderson
|
Batting: RHB Manuel Guerrero
|
0-0: Fly out, F3 (Popup, 3S)
|
Batting: RHB Kevin Brown
|
0-0: Ball 1-0: Called Strike 1-1: Called Strike 1-2: Ball 2-2: Ball 3-2: Foul Ball, location: 2F 3-2: Base on Balls
|
Batting: SHB Adrián Nieto
|
0-0: Ball 1-0: Fly out, F7 (Line Drive, 7M)
|
Batting: LHB Mario Olivares
|
0-0: Ball Kevin Brown steals 2nd base 1-0: Called Strike 1-1: Ball 2-1: Called Strike 2-2: Ball 3-2: Foul Ball, location: 2F 3-2: Fly out, F8 (Line Drive, 8LM)
|
Bottom of the 6th over - 0 run(s), 0 hit(s), 0 error(s), 1 left on base; Colorado 0 - Chula Vista 5 |
TOP OF THE 7TH |
Colorado Commanders batting - Pitching for Chula Vista Tacos : RHP Luis Trevino
|
Batting: RHB Emílio Bruno
|
0-0: Called Strike 0-1: Foul Ball, location: 2F 0-2: Ground out 5-3 (Groundball, 5L)
|
Batting: RHB Joe Haley
|
0-0: Called Strike 0-1: SINGLE (Flyball, 89S)
|
Batting: RHB Richard Wilkins
|
0-0: Ball 1-0: Fly out, F9 (Flyball, 9LS)
|
Batting: LHB John Nicholson
|
0-0: Called Strike 0-1: Ball 1-1: Ball Wild Pitch! Joe Haley to second 2-1: Ball 3-1: Foul Ball, location: 2F 3-2: Base on Balls
|
Pitching: RHP Francis Carney
|
|
Batting: SHB Scott Compton
|
0-0: Foul Ball, location: 2F 0-1: Foul Ball, location: 2F 0-2: Strikes out swinging
|
Top of the 7th over - 0 run(s), 1 hit(s), 0 error(s), 2 left on base; Colorado 0 - Chula Vista 5 |
BOTTOM OF THE 7TH |
Chula Vista Tacos batting - Pitching for Colorado Commanders : RHP Tony Henderson
|
Pitching: RHP Tomás Rodríguez
|
|
Batting: LHB Noriaki Sangi
|
0-0: Ball 1-0: Ball 2-0: Ball 3-0: Base on Balls
|
Batting: RHB Doug Brown
|
0-0: Ball 1-0: Ball 2-0: Called Strike 2-1: Swinging Strike 2-2: Ball 3-2: Strikes out looking
|
Batting: SHB Brian Price
|
0-0: Fly out, F7 (Flyball, 7D)
|
Batting: LHB Jaime Icaza
|
0-0: Ball 1-0: Foul Ball, location: 2F 1-1: Ball 2-1: Foul Ball, location: 2F 2-2: Strikes out swinging
|
Bottom of the 7th over - 0 run(s), 0 hit(s), 0 error(s), 1 left on base; Colorado 0 - Chula Vista 5 |
TOP OF THE 8TH |
Colorado Commanders batting - Pitching for Chula Vista Tacos : RHP Francis Carney
|
Batting: RHB Xavier De La Cruz
|
0-0: Ball 1-0: Ball 2-0: Reached on error, E6 (Groundball, 6)
|
Batting: SHB George Adams
|
0-0: Foul Ball, location: 2F 0-1: Foul Ball, location: 2F 0-2: Fly out, F7 (Flyball, 78M)
|
Batting: RHB John Riley
|
0-0: Ball 1-0: SINGLE (Groundball, 4MD) Xavier De La Cruz to third Runner from 3rd tries for Home, SAFE, throw made home
|
Batting: LHB Rafael Delgado
|
0-0: Ball 1-0: Fly out, F6 (Popup, 56D)
|
Batting: RHB Emílio Bruno
|
0-0: Called Strike 0-1: Foul Ball, location: 2F 0-2: Fielders Choice at 2nd, 5-4 (Groundball, 5)
|
Top of the 8th over - 1 run(s), 1 hit(s), 1 error(s), 0 left on base; Colorado 1 - Chula Vista 5 |
BOTTOM OF THE 8TH |
Chula Vista Tacos batting - Pitching for Colorado Commanders : RHP Tomás Rodríguez
|
Batting: RHB Luis Martínez
|
0-0: Ball 1-0: Called Strike 1-1: Foul Ball, location: 2F 1-2: Strikes out swinging
|
Batting: RHB Manuel Guerrero
|
0-0: Called Strike 0-1: Ball 1-1: Ball 2-1: Ball 3-1: Base on Balls
|
Batting: RHB Kevin Brown
|
0-0: Fielders Choice at 2nd, 5-4 (Groundball, 5)
|
Batting: SHB Adrián Nieto
|
0-0: Ball 1-0: Called Strike Kevin Brown steals 2nd base 1-1: Foul Ball, location: 2F 1-2: Ground out U3 (Groundball, 3)
|
Bottom of the 8th over - 0 run(s), 0 hit(s), 0 error(s), 1 left on base; Colorado 1 - Chula Vista 5 |
TOP OF THE 9TH |
Colorado Commanders batting - Pitching for Chula Vista Tacos : RHP Francis Carney
|
Batting: RHB Joe Haley
|
0-0: Ball 1-0: Called Strike 1-1: Fly out, F3 (Line Drive, 3S)
|
Batting: RHB Richard Wilkins
|
0-0: Called Strike 0-1: SINGLE (Line Drive, 56D)
|
Batting: LHB John Nicholson
|
0-0: Called Strike 0-1: Ball 1-1: Ball 2-1: Called Strike 2-2: Ground out U3 (Groundball, 3S) Richard Wilkins to second
|
Batting: SHB Scott Compton
|
0-0: Called Strike 0-1: SINGLE (Line Drive, 9LS) Richard Wilkins to third Runner from 3rd tries for Home, SAFE, no throw or cutoff
|
Pitching: LHP Geoff Williams
|
|
Batting: RHB Xavier De La Cruz
|
0-0: Called Strike 0-1: Ball 1-1: Called Strike 1-2: DOUBLE (Groundball, 5L) Scott Compton to third
|
Pinch Hitting: RHB Diego Francisco
|
0-0: Foul Ball, location: 2F 0-1: Foul Ball, location: 2F 0-2: Strikes out swinging
|
Top of the 9th over - 1 run(s), 3 hit(s), 0 error(s), 2 left on base; Colorado 2 - Chula Vista 5 |
|